 Dungeon Crawl Stone Soup version 0.28-a0-1435-g82390b3a13 (webtiles) character file.

Game seed: 6947059392715179116

78 Shayle the Grasshopper (level 4, 0/38 HPs)
             Began as a Gnoll Warper on Jan 9, 2022.
             Succumbed to a water moccasin's poison
             ... on level 3 of the Dungeon.
             The game lasted 00:04:05 (2576 turns).

Shayle the Grasshopper (Gnoll Warper)               Turns: 2576, Time: 00:04:05

Health: 0/38       AC:  5    Str: 10    XL:     4   Next: 36%
Magic:  11/11      EV: 11    Int: 14    God:
Gold:   91         SH:  0    Dex: 12    Spells: 13/13 levels left

rFire   . . .      SeeInvis .     - Unarmed
rCold   . . .      Faith    .   (no shield)
rNeg    . . .      Spirit   .   h - +0 ring mail
rPois   .          Reflect  .   (no helmet)
rElec   .          Harm     .   (no cloak)
rCorr   .          Rampage  .   (no gloves)
Will    .....                   (no boots)
Stlth   +.........              (no amulet)
HPRegen 0.12/turn               (no ring)
MPRegen 0.12/turn               (no ring)

@: lethally poisoned (0 -> -3)
A: fangs 1, strong nose, distributed training
a: no special abilities


You were on level 3 of the Dungeon.
You visited 1 branch of the dungeon, and saw 3 of its levels.

You collected 91 gold pieces.

Inventory:

Missiles
 c - a boomerang of dispersal (quivered)
Armour
 a - a +0 leather armour
 h - a +0 ring mail (worn)
Scrolls
 f - a scroll of fear {unknown}
 g - a scroll of amnesia {unknown}
 j - a scroll of summoning {unknown}
 k - a scroll of identify
Potions
 e - a potion of degeneration


   Skills:
 + Level 4.6 Fighting
 + Level 1.1 Short Blades
 + Level 1.1 Long Blades
 + Level 1.1 Axes
 + Level 1.1 Maces & Flails
 + Level 1.1 Polearms
 + Level 1.1 Staves
 + Level 1.1 Slings
 + Level 1.1 Bows
 + Level 1.1 Crossbows
 + Level 2.7 Throwing
 + Level 2.7 Armour
 + Level 4.6 Dodging
 + Level 1.1 Stealth
 + Level 1.1 Shields
 + Level 4.6 Unarmed Combat
 + Level 5.0 Spellcasting
 + Level 0.8 Conjurations
 + Level 0.8 Hexes
 + Level 0.8 Summonings
 + Level 0.8 Necromancy
 + Level 5.4 Translocations
 + Level 0.8 Transmutations
 + Level 0.8 Fire Magic
 + Level 0.8 Ice Magic
 + Level 0.8 Air Magic
 + Level 0.8 Earth Magic
 + Level 0.8 Poison Magic
 + Level 1.2 Invocations
 + Level 1.1 Evocations


You had 13 spell levels left.
You didn't know any spells.
Your spell library contained the following spells:

 Spells                   Type           Power      Damage    Failure   Level
 Blink                    Tloc           36%        N/A       7%          2
 Gell's Gravitas          Tloc           18%        N/A       13%         3
 Lesser Beckoning         Tloc           18%        N/A       13%         3
 Teleport Other           Tloc           18%        N/A       13%         3
 Manifold Assault         Tloc           18%        N/A       77%         5


Dungeon Overview and Level Annotations

Branches:
Dungeon (3/15)

Altars:


Innate Abilities, Weirdness & Mutations

You have very sharp teeth.
Your uncanny sense of smell can sniff out nearby items.
Your experience applies equally to all skills.


Message History

The water moccasin is severely wounded.
You feel sick. The water moccasin bites you!
* * * LOW HITPOINT WARNING * * *
You hit the water moccasin.
The water moccasin is almost dead.
* * * LOW HITPOINT WARNING * * *
You feel sick. The water moccasin bites you.
* * * LOW HITPOINT WARNING * * *
You are more poisoned.
The water moccasin poisons you!
You feel better.
The water moccasin bites you but does no damage.
The water moccasin bites you.
* * * LOW HITPOINT WARNING * * *
It was a potion of heal wounds.
You feel much better. The water moccasin bites you.
You are lethally poisoned!
The water moccasin poisons you!
Blink to where?
Press: ? - help, Dir - move target A worm comes into view.
Found 16 gold pieces and 26 arrows.
As you read the scroll of blinking, it crumbles to dust.
You feel very sick.
* * * LOW HITPOINT WARNING * * *
You feel very sick. The worm bites you but does no damage.
* * * LOW HITPOINT WARNING * * *
You feel sick.
* * * LOW HITPOINT WARNING * * *
You feel sick. The worm barely misses you.
* * * LOW HITPOINT WARNING * * *
You feel sick.
* * * LOW HITPOINT WARNING * * *
You feel sick.
* * * LOW HITPOINT WARNING * * *
You feel sick.
* * * LOW HITPOINT WARNING * * *
You feel sick.
You die...

#.##
##.##########..#
#<###.## #.$#
##)..## #..#
##.## #..# #.#
###w.# #.#
#....#∆ ∆ #.#
#.#.## ..# #.#.#
### #@#.. #.####
#.# #.# #.# #.#
... ...


There were no monsters in sight!

Vanquished Creatures
  An adder (D:2)
  2 worms (D:2)
  A dart slug (D:2)
  6 ball pythons
  5 endoplasms
  3 goblins
  4 hobgoblins
  2 jackals (D:2)
  4 quokkas
  5 bats
  4 frilled lizards
  5 kobolds
  21 rats
63 creatures vanquished.

Vanquished Creatures (others)
  26 plants (D:1)
26 creatures vanquished.

Grand Total: 89 creatures vanquished

Notes
Turn   | Place    | Note
-------+----------+-------------------------------------------
     0 | D:1      | Shayle the Gnoll Warper began the quest for the Orb.
     0 | D:1      | Reached XP level 1. HP: 20/20 MP: 6/6
   365 | D:1      | Reached XP level 2. HP: 26/26 MP: 7/7
   863 | D:1      | Reached XP level 3. HP: 26/31 MP: 9/9
  1013 | D:2      | Reached skill level 5 in Spellcasting
  1274 | D:2      | Reached skill level 1 in Invocations
  1693 | D:2      | Reached skill level 1 in Short Blades
  1693 | D:2      | Reached skill level 1 in Long Blades
  1693 | D:2      | Reached skill level 1 in Axes
  1693 | D:2      | Reached skill level 1 in Maces & Flails
  1693 | D:2      | Reached skill level 1 in Polearms
  1693 | D:2      | Reached skill level 1 in Staves
  1693 | D:2      | Reached skill level 1 in Slings
  1693 | D:2      | Reached skill level 1 in Bows
  1693 | D:2      | Reached skill level 1 in Crossbows
  1693 | D:2      | Reached skill level 1 in Stealth
  1693 | D:2      | Reached skill level 1 in Shields
  1693 | D:2      | Reached skill level 1 in Evocations
  1693 | D:2      | Reached XP level 4. HP: 37/38 MP: 11/11
  2541 | D:3      | Noticed a water moccasin
  2565 | D:3      | HP: 1/38 [water moccasin (1)]
  2575 | D:3      | HP: 1/38 [poisoned by a water moccasin]
  2576 | D:3      | Succumbed to a water moccasin's poison

Illustrated notes

Levels and vault maps discovered:
D:1:      roderic_crop_circles_arrival_small, layout_rooms
D:2:      layout_basic, chequers_garden, minmay_rat_hole
D:3:      layout_loops_ring, hellmonk_ecumenical_altar_prayer_group

Skill      XL: |  1  2  3 |
---------------+----------+-----
Spellcasting   | 5 |  5.0
Invocations    | 1 |  1.2
Short Blades   | 1 |  1.1
Long Blades    | 1 |  1.1
Axes           | 1 |  1.1
Maces & Flails | 1 |  1.1
Polearms       | 1 |  1.1
Staves         | 1 |  1.1
Slings         | 1 |  1.1
Bows           | 1 |  1.1
Crossbows      | 1 |  1.1
Stealth        | 1 |  1.1
Shields        | 1 |  1.1
Evocations     | 1 |  1.1
Fighting       | |  4.6
Throwing       | |  2.7
Armour         | |  2.7
Dodging        | |  4.6
Unarmed Combat | |  4.6
Conjurations   | |  0.8
Hexes          | |  0.8
Summonings     | |  0.8
Necromancy     | |  0.8
Translocations | |  5.4
Transmutations | |  0.8
Fire Magic     | |  0.8
Ice Magic      | |  0.8
Air Magic      | |  0.8
Earth Magic    | |  0.8
Poison Magic   | |  0.8

Action                   |  1- 3 |  4- 6 || total
-------------------------+-------+-------++-------
Melee: Unarmed           |   161 |    54 ||   215
       Bite              |    21 |     6 ||    27
       Punch             |     3 |     3 ||     6
Throw: Boomerang         |     4 |       ||     4
  Use: Scroll            |     1 |     1 ||     2
       Potion            |       |     3 ||     3
Armor: Leather armour    |    40 |       ||    40
       Ring mail         |       |    24 ||    24
Dodge: Dodged            |    90 |    29 ||   119

Table legend: (Time is in decaauts)
 A = Elapsed time spent in this place.
 B = Non-inter-level travel time spent in this place.
 C = Inter-level travel time spent in this place.
 D = Time resting spent in this place.
 E = Time spent auto-exploring this place.
 F = Levels seen in this place.
 G = Mean time per level.
                   A        B        C        D        E       F      G
               +--------+--------+--------+--------+--------+-----+--------+
         Total |   2559 |   2471 |     88 |    594 |   1330 |   3 |  853.0 |
       Dungeon |   2559 |   2471 |     88 |    594 |   1330 |   3 |  853.0 |
               +--------+--------+--------+--------+--------+-----+--------+

Top non-repeatable levels by time:
     D:2: 1520 daAuts
     D:1: 994 daAuts
     D:3: 43 daAuts
